 Dungeon Crawl Stone Soup version 0.18-a0-1300-g6e8322c (webtiles) character file.

21 Duffy the Slasher (level 2, 24/24 HPs)
             Began as a Demigod Gladiator on Feb 11, 2016.
             Quit the game on level 1 of the Dungeon.
             The game lasted 00:01:00 (856 turns).

Duffy the Slasher (Demigod Gladiator)                Turns: 856, Time: 00:01:00

Health: 24/24      AC:  7    Str: 18    XL:     2   Next: 45%
Magic:  4/4        EV: 12    Int: 12    God:
Gold:   50         SH:  0    Dex: 16    Spells: 0 memorised, 1 level left

rFire  . . .     SeeInvis .     a - +0 long sword
rCold  . . .     Gourm    .     p - +0 ring mail of Insatiable Hunger {MR+} (curse)
rNeg   + . .     Faith    .     (no shield)
rPois  .         Spirit   .     c - +0 helmet
rElec  .         Dismiss  .     k - +0 cloak (curse)
rCorr  .         Reflect  .     (no gloves)
SustAt +         Harm     .     (no boots)
MR     +....                    (no amulet)
Stlth  +.........               (no ring)
                                q - ring of positive energy

@: somewhat resistant to hostile enchantments, very unstealthy
A: high mp 1, sustain attributes
a: no special abilities


You were on level 1 of the Dungeon.
You were not hungry.

You visited 1 branch of the dungeon, and saw 2 of its levels.

You collected 50 gold pieces.


Innate Abilities, Weirdness & Mutations

You have an increased reservoir of magic (+10% MP).
Your attributes are resistant to harm.


   Skills:
 - Level 1.7 Fighting
 + Level 3.6 Long Blades
 - Level 1.7 Throwing
 - Level 2.6 Dodging


You had one spell level left.
You didn't know any spells.

Inventory:

Hand Weapons
 a - a +0 long sword (weapon)
Missiles
 d - 3 throwing nets (quivered)
Armour
 b - a +0 leather armour
 c - a +0 helmet (worn)
 k - a cursed +0 cloak (worn)
 m - a +0 chain mail
 p - the cursed +0 ring mail of Insatiable Hunger (worn) {MR+}

   It affects your resistance to hostile enchantments.
   It has a curse placed upon it.
Jewellery
 q - a ring of positive energy (left hand)
Scrolls
 e - a scroll of enchant armour {unknown}
 h - a scroll of identify {unknown}
 l - a scroll of amnesia {unknown}
 n - a scroll of fear {unknown}
 o - a scroll of enchant weapon {unknown}
Potions
 g - a potion of curing {unknown}
 i - a potion of degeneration {unknown}
 j - a potion of resistance {unknown}
Comestibles
 f - a bread ration

Dungeon Overview and Level Annotations

Branches:
Dungeon (2/15)


Message History

No target in view!
No target in view!
No target in view!
No target in view!
No target in view!
No target in view!
No target in view!
No target in view!
No target in view!
Things that are here:
a club; a hobgoblin corpse You enter the shallow water.
Moving in this stuff is going to be slow.
You slash the plant!
The plant is lightly damaged.
Things that are here:
a club; a hobgoblin corpse You see here a giant newt skeleton.
Found a dazzling ring mail.
Found 25 bolts.
o - a scroll labeled ONI ACOIDYHA You see here a dazzling ring mail.
p - a dazzling ring mail Wear which item? (? for menu, Esc to quit)
You start removing your armour.
You continue taking off your +0 chain mail. x4
You finish taking off your +0 chain mail.
You start putting on your armour.
You continue putting on your dazzling ring mail. x5
You finish putting on the cursed +0 ring mail of Insatiable Hunger {MR+}.
Oops, that feels deathly cold.
q - an encrusted golden ring Put on which piece of jewellery? (? for menu, Esc to quit)
q - a ring of positive energy (left hand) Are you sure you want to abandon this character and quit the game? (Confirm with "yes".)

.P....# #.# ####.#####.#
~P~...# #.#
#####..........# ~~PP..#
#.########.....##########
~7~...# #..............#
7~~P~.###..#.########..#
7~~~...##..#.#......#.##
P77~P~.##..#.#.####.#.#
PPP7P~.....#%#.#(.#.#.##
PPP~7~P)...#.#.#@.#.#..#
..P~~P~....#.#.##.#.#..#
...P~~PP...#.#....#.#..#
...P~7P....#.######.#..#
...~P~P....#........#..#
...PP~PP...##########..#
....~~~~P..............#
.....P...>...#.........#
.......................#


There were no monsters in sight!

Action                   || total
-------------------------++-------
Melee: Long sword        ||    39

Notes
Turn   | Place    | Note
--------------------------------------------------------------
     0 | D:1      | Duffy the Demigod Gladiator began the quest for the Orb.
     0 | D:1      | Reached XP level 1. HP: 17/17 MP: 3/3
   170 | D:2      | Reached skill level 3 in Long Blades
   551 | D:1      | Reached XP level 2. HP: 19/24 MP: 4/4
   841 | D:1      | Got a dazzling ring mail
   852 | D:1      | Identified the cursed +0 ring mail of Insatiable Hunger {MR+} (You found it on level 1 of the Dungeon)
   856 | D:1      | Quit the game

Vault maps used:
D:1:      minmay_arrival_jagged, minivault_5, serial_bayou_lagoon_a
D:2:      grunt_decor_cap, minmay_misc_feat_alley, uniq_robin

Vanquished Creatures
  A worm
  3 bats
  A giant cockroach
  5 goblins
  3 hobgoblins
  2 giant newts
  A kobold
  A plant
17 creatures vanquished.
